 Dungeon Crawl Stone Soup version 0.23.2-1-ga50397a (webtiles) character file.

Game seed: 5072516460149346310

25 c14n the Charmwright (level 3, 0/31 HPs)
             Began as a Gnoll Skald on May 31, 2019.
             Killed by nerve-wracking pain
             ... invoked by Jessica
              (13 damage)
             ... on level 2 of the Dungeon.
             The game lasted 00:11:17 (1241 turns).

c14n the Charmwright (Gnoll Skald)                  Turns: 1241, Time: 00:11:17

Health: 0/31       AC: 10    Str: 14    XL:     3   Next: 4%
Magic:  9/9        EV:  8    Int: 15    God:
Gold:   52         SH:  0    Dex: 14    Spells: 10/11 levels left

rFire    . . .     SeeInvis .   a - +0 spear
rCold    . . .     Gourm    .   (no shield)
rNeg     . . .     Faith    .   j - +0 chain mail
rPois    .         Spirit   .   f - +0 helmet
rElec    .         Reflect  .   (no cloak)
rCorr    .         Harm     .   (no gloves)
MR       .....                  (no boots)
Stlth    ..........             (no amulet)
HPRegen  0.10/turn              m - ring of wizardry
MPRegen  0.11/turn              (no ring)

@: no status effects
A: distributed training, fangs 1, strong nose
a: no special abilities


You were on level 2 of the Dungeon.
You were not hungry.

You visited 1 branch of the dungeon, and saw 2 of its levels.

You collected 52 gold pieces.

Inventory:

Hand Weapons
 a - a +0 spear (weapon)
 l - a +0 hunting sling
Missiles
 d - a stone (quivered)
 h - 47 arrows
 q - 17 poisoned needles
Armour
 b - a +1 leather armour
 f - a +0 helmet (worn)
 j - a +0 chain mail (worn)
 k - a +0 chain mail
 o - a +0 large shield
Jewellery
 m - a ring of wizardry (left hand)
Scrolls
 e - 2 scrolls of remove curse
 i - a scroll of identify {unknown}
 n - a scroll of immolation {unknown}
Potions
 c - 3 potions of curing {unknown}
 p - a potion of heal wounds {unknown}
Comestibles
 g - a ration


   Skills:
 + Level 4.5 Fighting
 + Level 0.5 Short Blades
 + Level 0.5 Long Blades
 + Level 0.5 Axes
 + Level 0.5 Maces & Flails
 + Level 4.5 Polearms
 + Level 0.5 Staves
 + Level 0.5 Slings
 + Level 0.5 Bows
 + Level 0.5 Crossbows
 + Level 0.5 Throwing
 + Level 2.5 Armour
 + Level 4.5 Dodging
 + Level 0.5 Stealth
 + Level 0.5 Shields
 + Level 0.5 Unarmed Combat
 + Level 4.9 Spellcasting
 + Level 0.4 Conjurations
 + Level 0.4 Hexes
 + Level 5.4 Charms
 + Level 0.4 Summonings
 + Level 0.4 Necromancy
 + Level 0.4 Translocations
 + Level 0.4 Transmutations
 + Level 0.4 Fire Magic
 + Level 0.4 Ice Magic
 + Level 0.4 Air Magic
 + Level 0.4 Earth Magic
 + Level 0.4 Poison Magic
 + Level 0.7 Invocations
 + Level 0.5 Evocations


You had 10 spell levels left.
You knew the following spells:

 Your Spells              Type           Power        Failure   Level  Hunger
a - Infusion              Chrm           ###.         19%         1    None

Your spell library contained the following spells:

 Spells                   Type           Power        Failure   Level  Hunger
 Song of Slaying          Chrm           ###.....     26%         2    ##.....
 Shroud of Golubria       Chrm/Tloc      ##........   58%         2    ##.....
 Regeneration             Chrm/Necr      ##........   80%         3    ###....
 Spectral Weapon          Hex/Chrm       ##......     80%         3    ###....


Dungeon Overview and Level Annotations

Branches:
Dungeon (2/15)

Altars:

Annotations:
D:2 Jessica


Innate Abilities, Weirdness & Mutations

Your experience applies equally to all skills.
You have very sharp teeth.
Your uncanny sense of smell can sniff out nearby items.


Message History

Jessica gestures at you while chanting. Pain shoots through your body!
A hobgoblin comes into view. It is wielding a +0 club.
You hear a shout!
You hit Jessica.
Jessica is almost dead.
You hear a shout!
The bat hits you but does no damage.
Jessica grins evilly.
Jessica hits you with a +0 club.
You hear a shout! x2
You hit Jessica.
Jessica is almost dead.
Jessica completely misses you. The bat barely misses you.
A bat comes into view.
The bat barely misses you.
Jessica gestures wildly.
Jessica casts a spell at you. Pain shoots through your body!
You die... ...#b .... #..g . #wg

..#g. ###.#g#
...#@#####
#####b#.#<..#
.......@#.###
####.#..#.# #
#..#.# ∆
##.#.# #...#
#.......#
#..#####..
#... #.#.#


You could see a worm, Jessica, 2 hobgoblins, a goblin and a bat.

Vanquished Creatures
  An ooze (D:1)
  5 goblins (D:1)
  A hobgoblin (D:1)
  3 jackals (D:1)
  3 kobolds (D:1)
  4 bats (D:1)
  A frilled lizard (D:1)
  2 rats (D:1)
20 creatures vanquished.

Vanquished Creatures (others)
  A goblin (D:2)
1 creature vanquished.

Grand Total: 21 creatures vanquished

Notes
Turn   | Place    | Note
-------+----------+-------------------------------------------
     0 | D:1      | c14n the Gnoll Skald began the quest for the Orb.
     0 | D:1      | Reached XP level 1. HP: 20/20 MP: 6/6
   281 | D:1      | Reached XP level 2. HP: 26/26 MP: 4/7
   849 | D:1      | Reached XP level 3. HP: 31/31 MP: 9/9
  1229 | D:2      | Noticed Jessica
  1241 | D:2      | Killed from afar by Jessica

Action                   || total
-------------------------++-------
Melee: Spear             ||   102
       Bite              ||     4
 Cast: Infusion          ||     2
  Use: Scroll            ||     4
 Stab: Sleeping          ||     2
  Eat: Ration            ||     1
Armor: Leather armour    ||     8
       Chain mail        ||    36
Dodge: Dodged            ||    44
